 Dungeon Crawl Stone Soup version 0.28-a0-816-gb054d885db (webtiles) character file.

Game seed: 8771993193382405973

84 cheechan the Chopper (level 4, -1/30 HPs)
             Began as an Octopode Gladiator on Nov 8, 2021.
             Succumbed to a gnoll's poison
             ... on level 2 of the Dungeon.
             The game lasted 00:04:35 (1491 turns).

cheechan the Chopper (Octopode Gladiator)           Turns: 1491, Time: 00:04:36

Health: -1/30      AC:  1    Str: 13    XL:     4   Next: 46%
Magic:  4/4        EV: 14    Int: 10    God:
Gold:   121        SH:  0    Dex: 14    Spells: 3/3 levels left

rFire   . . .      SeeInvis .   h - +4 short sword (protect)
rCold   . . .      Faith    .   (no shield)
rNeg    . . .      Spirit   .   b - +0 hat
rPois   .          Reflect  .   (no amulet)
rElec   .          Harm     .   g - ring of wizardry
rCorr   .          Rampage  .   (no ring)
Will    .....                   (no ring)
Stlth   +++.......              (no ring)
HPRegen 0.10/turn               (no ring)
MPRegen 0.09/turn               (no ring)
                                (no ring)
                                (no ring)

@: lethally poisoned (-1 -> -21)
A: almost no armour, amphibious, 8 rings, camouflage 1, gelatinous body 1,
(nimble swimmer 1), tentacles
a: no special abilities


You were on level 2 of the Dungeon.
You visited 1 branch of the dungeon, and saw 2 of its levels.

You collected 121 gold pieces.

Inventory:

Hand Weapons
 a - a +0 war axe
 h - a +4 short sword of protection (weapon)
Missiles
 c - 2 throwing nets (quivered)
 e - 3 boomerangs
Armour
 b - a +0 hat (worn)
Jewellery
 g - a ring of wizardry (left tentacle)
Potions
 d - a potion of cancellation
 f - a potion of mutation {unknown}


   Skills:
 + Level 2.3 Fighting
 + Level 4.0 Axes
 + Level 2.2 Throwing
 + Level 3.4 Dodging
 + Level 2.2 Stealth


You had 3 spell levels left.
You didn't know any spells.
Your spell library was empty.

Dungeon Overview and Level Annotations

Branches:
Dungeon (2/15)

Altars:


Innate Abilities, Weirdness & Mutations

You cannot wear most types of armour.
You are amphibious.
You can wear up to eight rings at the same time.
Your skin changes colour to match your surroundings (Stealth+).
Your rubbery body absorbs attacks. (AC +1, EV +1)
((You are camouflaged near water. (Stealth+)))
You have tentacles for arms and can constrict up to eight enemies at once.


Message History

You see here a +0 scale mail.
You now have 121 gold pieces (gained 12).
A gnoll comes into view. It is wielding a +0 halberd.
A gnoll comes into view. It is wielding a +0 spear.
A gnoll comes into view. It is wielding a +0 whip of venom.
The gnoll shouts!
An endoplasm comes into view.
A ball python comes into view.
The gnoll hits you from afar with a +0 spear!
The gnoll shouts!
The endoplasm quivers.
The gnoll barely misses you. The gnoll hits you with a +0 halberd.
The gnoll hits you with a +0 whip of venom!
You are lethally poisoned!
You closely miss the gnoll.
The ball python hisses angrily.
You grab the gnoll. You squeeze the gnoll!
The gnoll is severely wounded.
You constrict the gnoll.
* * * LOW HITPOINT WARNING * * *
You feel very sick. The gnoll closely misses you.
A ball python comes into view.
The gnoll barely misses you.
The gnoll hits you with a +0 whip of venom.
* * * LOW HITPOINT WARNING * * *
You are more poisoned.
Drinking this now will have no effect.
Okay, then.
You aren't carrying any scrolls.
Press: ? - help, v - describe, . - travel
Here: a gnoll, wielding a +0 halberd and quivering a throwing net The floor.
Throw: 3 throwing nets
Press: ? - help, Q - select action, (/) - cycle Shift-Dir - straight line, f - gnoll
Aim: a gnoll, wielding a +0 whip of venom (severely wounded, constricted by you, 93% to hit)
You throw a throwing net. The throwing net hits the gnoll.
The gnoll is caught in the net!
The gnoll is severely wounded.
You constrict the gnoll, but do no damage.
You die...

#.# ###..##
#.##########
S....#
#...........
#....#
#.#.####.###
#....# #.#.# #.#
#...S# #.#.# #.#
#.J..#####.#.#
#.#
####..gg......#.#
#.#
......g@#####.#.#
#.#
#######......#..#
#.# #######.###
.# .# .. ##


You could see 3 gnolls, an endoplasm and 2 ball pythons.

Vanquished Creatures
  Terence (D:2)
  2 adders (D:2)
  2 worms (D:2)
  A dart slug (D:1)
  2 ball pythons (D:2)
  3 bats (D:2)
  9 endoplasms (D:1)
  A giant cockroach (D:2)
  A goblin (D:1)
  2 hobgoblins
  2 jackals (D:1)
  A quokka (D:1)
  A kobold (D:1)
28 creatures vanquished.

Notes
Turn   | Place    | Note
-------+----------+-------------------------------------------
     0 | D:1      | cheechan the Octopode Gladiator began the quest for the
                  | Orb.
     0 | D:1      | Reached XP level 1. HP: 14/14 MP: 1/1
   170 | D:1      | Reached XP level 2. HP: 14/19 MP: 2/2
   548 | D:1      | Reached skill level 1 in Stealth
   822 | D:2      | Reached XP level 3. HP: 24/24 MP: 3/3
  1180 | D:2      | Noticed Terence
  1189 | D:2      | Killed Terence
  1190 | D:2      | Reached skill level 4 in Axes
  1190 | D:2      | Reached XP level 4. HP: 8/30 MP: 4/4
  1491 | D:2      | Succumbed to a gnoll's poison

Illustrated notes

Levels and vault maps discovered:
D:1:      enne_arrival_octagon_isle, layout_loops_ring, kennysheep_nondescript
D:2:      layout_loops_ring, uniq_terence

Skill      XL: |  1  2  3 |
---------------+----------+-----
Stealth        | 1 2 |  2.2
Axes           | 4 |  4.0
Fighting       | |  2.3
Throwing       | |  2.2
Dodging        | |  3.4

Action                   |  1- 3 |  4- 6 || total
-------------------------+-------+-------++-------
Melee: War axe           |    56 |     2 ||    58
       Constrict         |    11 |     1 ||    12
       Tentacles         |     8 |     1 ||     9
       Short sword       |       |     1 ||     1
Throw: Boomerang         |    10 |       ||    10
       Throwing net      |       |     1 ||     1
  Use: Scroll            |     1 |       ||     1
 Stab: Sleeping          |     4 |       ||     4
Armor: Skin              |     3 |       ||     3
Dodge: Dodged            |    36 |     5 ||    41

Table legend: (Time is in decaauts)
 A = Elapsed time spent in this place.
 B = Non-inter-level travel time spent in this place.
 C = Inter-level travel time spent in this place.
 D = Time resting spent in this place.
 E = Time spent auto-exploring this place.
 F = Levels seen in this place.
 G = Mean time per level.
                   A        B        C        D        E       F      G
               +--------+--------+--------+--------+--------+-----+--------+
         Total |   1510 |   1510 |      0 |    324 |      0 |   2 |  755.0 |
       Dungeon |   1510 |   1510 |      0 |    324 |      0 |   2 |  755.0 |
               +--------+--------+--------+--------+--------+-----+--------+

Top non-repeatable levels by time:
     D:1: 830 daAuts
     D:2: 679 daAuts
